 Dungeon Crawl Stone Soup version 0.22.1-1-ga44c0e5 (webtiles) character file.

13986 dvd the Carver (level 11, 0/107 HPs)
             Began as a Troll Fighter on Oct 4, 2018.
             Was the Champion of Dithmenos.
             Slain by Urug
             ... wielding a +2 war axe of electrocution
              (16 damage)
             ... on level 10 of the Dungeon.
             The game lasted 00:28:30 (9138 turns).

dvd the Carver (Troll Fighter)                      Turns: 9138, Time: 00:28:31

Health: 0/107      AC: 15    Str: 26    XL:     11   Next: 82%
Magic:  12/12      EV: 21    Int:  7    God:    Dithmenos [******]
Gold:   552        SH: 11    Dex: 17    Spells: 10/10 levels left

rFire    . . .     SeeInvis .   a - +7 falchion (protect)
rCold    . . .     Gourm    +   c - +0 shield
rNeg     . . .     Faith    .   b - +0 robe
rPois    +         Spirit   .   i - +0 hat {Int+3}
rElec    .         Reflect  .   o - +2 cloak
rCorr    .         Harm     .   (gloves unavailable)
MR       .....                  (boots unavailable)
Stlth    +++++.....             (no amulet)
HPRegen  0.67/turn              y - ring of poison resistance
MPRegen  0.13/turn              H - +3 ring of evasion

@: agile, protection aura, wreathed by umbra
A: large, unfitting armour, claws 3, fast metabolism 3, gourmand, regeneration
1, shaggy fur 1, tough skin 2
a: Shadow Step, Shadow Form, Renounce Religion


You were on level 10 of the Dungeon.
You worshipped Dithmenos.
Dithmenos was exalted by your worship.
You were very full.

You visited 1 branch of the dungeon, and saw 10 of its levels.
You also visited: Sewer and Ossuary.

You collected 552 gold pieces.

Inventory:

Hand Weapons
 a - a +7 falchion of protection (weapon)
 p - a +1 dire flail of crushing
 q - a +0 falchion of holy wrath
 I - the +1 mace "Glorpo" {crush, Dex+8}
   (You found it on level 5 of the Dungeon)

   It inflicts extra damage upon your enemies.
   It affects your dexterity (+8).
Armour
 b - a +0 robe (worn)
 c - a +0 shield (worn)
 i - a +0 hat of intelligence (worn)
 o - a +2 cloak (worn)
 s - a scarf of repulsion
Jewellery
 h - an uncursed ring of fire
 j - a +3 ring of dexterity
 r - an uncursed ring of resist corrosion
 y - a ring of poison resistance (left claw)
 B - an uncursed ring of see invisible
 H - a +3 ring of evasion (right claw)
Wands
 m - a wand of flame (46)
 z - a wand of polymorph (32)
Scrolls
 d - a scroll of magic mapping
 e - 12 scrolls of identify
 k - 5 scrolls of remove curse
 l - a scroll of blinking
 u - 5 scrolls of amnesia
 w - 5 scrolls of teleportation
 x - 4 scrolls of fog
Potions
 g - a potion of cancellation {unknown}
 v - a potion of magic
 E - 6 potions of curing
 F - 4 potions of brilliance
Comestibles
 f - 13 rations


   Skills:
 + Level 6.4 Fighting
 + Level 8.4 Long Blades
 + Level 7.1 Maces & Flails
 + Level 2.7 Throwing
 + Level 2.5 Armour
 + Level 6.8 Dodging
 + Level 1.9 Stealth
 + Level 7.2 Shields
 + Level 2.7 Invocations
 + Level 2.3 Evocations


You had 10 spell levels left.
You didn't know any spells.
Your spell library contained the following spells:

 Spells                   Type           Power        Failure   Level  Hunger
 Corona                   Hex            #......      54%         1    ##.....
 Magic Dart               Conj           #...         54%         1    ##.....
 Ensorcelled Hibernation  Hex/Ice        #.....       69%         2    ###....
 Searing Ray              Conj           #.....       69%         2    ###....
 Confuse                  Hex            #.......     89%         3    ####...
 Dazzling Spray           Conj/Hex       #.....       89%         3    ####...
 Tukima's Dance           Hex            #.......     89%         3    ####...
 Force Lance              Conj/Tloc      #.......     100%        4    #####..
 Fulminant Prism          Conj/Hex       #.........   100%        4    #####..
 Iskenderun's Mystic Bla  Conj           #.......     100%        4    #####..


Dungeon Overview and Level Annotations

Branches:
Dungeon (10/15)            Temple (0/1) D:6            Lair (0/6) D:8
    Orc: D:9-12

Altars:
Ashenzari
Cheibriados
Dithmenos
Hepliaklqana
Nemelex Xobeh
Okawaru
Ru
Sif Muna
Uskayaw
Wu Jian
Xom

Shops:
D:5 (

Annotations:
D:10 Urug


Innate Abilities, Weirdness & Mutations

You are too large for most types of armour.
You have claws for hands.
Your metabolism is lightning-fast.
You like to eat raw meat.
Your natural rate of healing is unusually fast.
You are covered in fur. (AC +1)
You have very tough skin. (AC +2)


Message History

You hit Urug.
Urug is heavily wounded.
Urug barely misses you.
You slash Urug!
Urug is heavily wounded.
You hit Urug but do no damage.
Urug is heavily wounded.
Urug hits you with a war axe of electrocution!!
* * * LOW HITPOINT WARNING * * *
You are electrocuted!
* * * LOW HITPOINT WARNING * * *
You feel better. You block Urug's attack.
You feel agile all of a sudden. Urug barely misses you.
You riposte.
You slash Urug!
Urug is severely wounded.
You feel better.
Urug hits you with a war axe of electrocution.
* * * LOW HITPOINT WARNING * * *
You are electrocuted!
You die...

#######
.......####
#.@>.#
#o##.#
#.##}####
..#.....#
##.#..##.#
#.#..##.####
#.#.........
#.#.###.####
#.#.# ..


You could see Urug.

Vanquished Creatures
  Gastronok (D:8)
  Harold (D:8)
  A two-headed ogre (D:9)
  Pikel (D:5)
  Maurice (D:9)
  A komodo dragon (D:8)
  A troll (D:9)
  A hippogriff (D:9)
  Grinder (D:6)
  Sigmund (D:3)
  4 yaks (D:9)
  3 wyverns (D:8)
  An acid dragon (D:8)
  A water moccasin (D:9)
  3 orc warriors
  A slave (D:4)
  4 ice beasts
  A phantom (D:5)
  2 sky beasts
  An eye of draining (D:9)
  A black bear (D:6)
  4 ogres
  3 centaurs
  2 crocodiles (D:8)
  2 big kobolds
  5 bullfrogs
  4 water moccasin zombies (Ossuary)
  2 scorpions (D:9)
  A water moccasin skeleton (D:8)
  10 killer bees
  3 howler monkeys
  3 crimson imps
  2 bullfrog zombies
  2 jellies
  A centaur skeleton (D:8)
  10 orc wizards
  A gnoll shaman (D:4)
  6 hounds
  7 orc priests
  Crazy Yiuf (D:2)
  A bullfrog skeleton (D:8)
  Jessica (D:3)
  An iguana (D:5)
  Natasha (thrice) (D:2)
  6 worker ants
  A killer bee zombie (D:8)
  3 big kobold zombies (Ossuary)
  3 mummies
  2 worker ant zombies
  Robin (D:3)
  12 gnolls
  14 adders
  A shadow imp (D:7)
  5 oozes
  7 adder zombies (Ossuary)
  3 worms
  A dart slug (D:1)
  8 leopard geckos
  29 orcs
  7 bats
  7 giant cockroaches
  24 goblins
  10 hobgoblins
  7 jackals
  4 quokkas
  A ball python (Sewer)
  7 frilled lizards
  2 gnoll zombies (Ossuary)
  7 hobgoblin zombies
  A jackal skeleton (D:8)
  21 kobolds
  8 kobold zombies
  2 leopard gecko zombies
  5 orc zombies (Ossuary)
  A quokka skeleton (D:9)
  A quokka zombie (D:5)
  6 rats
324 creatures vanquished.

Notes
Turn   | Place    | Note
-------+----------+-------------------------------------------
     0 | D:1      | dvd the Troll Fighter began the quest for the Orb.
     0 | D:1      | Reached XP level 1. HP: 22/22 MP: 0/0
   388 | D:1      | Reached XP level 2. HP: 29/29 MP: 1/1
   726 | D:2      | Reached XP level 3. HP: 36/36 MP: 2/2
   748 | D:2      | Noticed Natasha
   766 | D:2      | Killed Natasha
   912 | D:2      | Reached XP level 4. HP: 44/44 MP: 3/3
  1014 | D:2      | Found a shadowy altar of Dithmenos.
  1015 | D:2      | Noticed Natasha
  1024 | D:2      | Killed Natasha
  1046 | D:2      | Became a worshipper of Dithmenos the Shadowed
  1123 | D:2      | Noticed Natasha
  1134 | D:2      | Killed Natasha
  1251 | D:2      | Reached XP level 5. HP: 46/52 MP: 4/4
  1560 | D:2      | Found a runed door.
  1564 | D:2      | Noticed Crazy Yiuf
  1572 | D:2      | Killed Crazy Yiuf
  1626 | D:3      | Found a sparkling altar of Nemelex Xobeh.
  1627 | D:3      | Found a snail-covered altar of Cheibriados.
  1627 | D:3      | Found a sacrificial altar of Ru.
  1630 | D:3      | Found an iron altar of Okawaru.
  1726 | D:3      | Noticed Jessica
  1727 | D:3      | Noticed Sigmund
  1746 | D:3      | Killed Jessica
  1758 | D:3      | Killed Sigmund
  1758 | D:3      | Reached XP level 6. HP: 17/61 MP: 5/5
  1921 | D:3      | Reached * piety under Dithmenos
  2140 | D:3      | Reached XP level 7. HP: 65/67 MP: 6/6
  2289 | D:3      | Noticed Robin
  2308 | D:3      | Killed Robin
  2459 | D:3      | Found a shattered altar of Ashenzari.
  2488 | D:3      | Reached skill level 1 in Long Blades
  2780 | D:3      | Reached skill level 2 in Long Blades
  2800 | D:4      | Reached ** piety under Dithmenos
  3219 | D:4      | Reached skill level 3 in Long Blades
  3227 | D:4      | Found a hide-covered altar of Uskayaw.
  3446 | D:4      | Reached XP level 8. HP: 76/76 MP: 7/7
  3787 | D:5      | Entered Level 5 of the Dungeon
  3797 | D:5      | Found a sand-covered staircase.
  3803 | Ossuary  | Entered an ossuary
  3990 | Ossuary  | Reached *** piety under Dithmenos
  3990 | Ossuary  | Reached skill level 4 in Long Blades
  4187 | D:5      | Found a glowing drain.
  4198 | Sewer    | Entered a sewer
  4356 | Sewer    | Reached **** piety under Dithmenos
  4575 | D:5      | Reached skill level 1 in Stealth
  4627 | D:5      | Reached skill level 5 in Long Blades
  4726 | D:5      | Found Jorro's Weapon Shoppe.
  4743 | D:5      | Got a warped mace
  4744 | D:5      | Identified the cursed +1 mace "Glorpo" {crush, Dex+8} (You
                  | found it on level 5 of the Dungeon)
  4815 | D:5      | Found an ornate altar of the Wu Jian Council.
  4924 | D:5      | Noticed Pikel
  5073 | D:5      | Killed Pikel
  5073 | D:5      | Reached skill level 5 in Maces & Flails
  5073 | D:5      | Reached skill level 5 in Shields
  5073 | D:5      | Reached XP level 9. HP: 79/85 MP: 8/8
  5264 | D:6      | Noticed Grinder
  5281 | D:6      | Paralysed by Grinder for 4 turns
  5295 | D:6      | Killed Grinder
  5377 | D:6      | Reached skill level 5 in Dodging
  5518 | D:6      | Found a staircase to the Ecumenical Temple.
  5698 | D:6      | Reached ***** piety under Dithmenos
  5772 | D:6      | Reached skill level 5 in Fighting
  5772 | D:6      | Reached skill level 6 in Long Blades
  5772 | D:6      | Reached XP level 10. HP: 98/98 MP: 8/11
  5840 | D:6      | Found a deep blue altar of Sif Muna.
  6231 | D:6      | HP: 2/98 [orc warrior/morningstar (17)]
  7100 | D:8      | Noticed Gastronok
  7125 | D:8      | Killed Gastronok
  7125 | D:8      | Reached skill level 7 in Long Blades
  7125 | D:8      | Reached XP level 11. HP: 105/105 MP: 12/12
  7559 | D:8      | Found a staircase to the Lair.
  7753 | D:8      | Found a shimmering altar of Xom.
  7754 | D:8      | Found a hazy altar of Hepliaklqana.
  7825 | D:8      | Noticed Harold
  7848 | D:8      | Killed Harold
  8197 | D:9      | Reached skill level 8 in Long Blades
  8439 | D:9      | Reached ****** piety under Dithmenos
  8679 | D:9      | Noticed a two-headed ogre
  8694 | D:9      | Killed a two-headed ogre
  8803 | D:9      | Noticed Maurice
  8823 | D:9      | Killed Maurice
  9105 | D:10     | Entered Level 10 of the Dungeon
  9124 | D:10     | Noticed Urug
  9135 | D:10     | HP: 4/107 [Urug/war axe of electrocution (16)]
  9138 | D:10     | Slain by Urug

Skill      XL: |  1  2  3  4  5  6  7  8  9 10 11 |
---------------+----------------------------------+-----
Maces & Flails | 2 3 4 5 7 |  7.1
Dodging        | 3 4 5 6 |  6.8
Shields        | 3 4 5 6 7 |  7.2
Fighting       | 3 4 5 6 |  6.4
Long Blades    | 3 5 6 7 8 |  8.4
Stealth        | 1 |  1.9
Throwing       | 2 |  2.7
Armour         | 2 |  2.5
Invocations    | 2 |  2.7
Evocations     | 2 |  2.3

Action                   |  1- 3 |  4- 6 |  7- 9 | 10-12 || total
-------------------------+-------+-------+-------+-------++-------
Melee: Flail             |   110 |   112 |       |       ||   222
       Falchion          |       |    43 |   468 |   451 ||   962
       Mace              |       |       |   167 |       ||   167
Evoke: Wand              |       |       |     1 |       ||     1
  Use: Potion            |       |     2 |     3 |    13 ||    18
       Scroll            |       |       |     1 |    18 ||    19
 Stab: Sleeping          |       |       |     6 |     2 ||     8
       Distracted        |       |       |       |     3 ||     3
  Eat: Chunk             |    14 |    12 |    36 |    32 ||    94
Armor: Robe              |    50 |    63 |   158 |    60 ||   331
Dodge: Dodged            |    44 |    66 |   321 |   231 ||   662
Block: Shield            |    54 |    80 |   321 |   232 ||   687
       Rpst.: Falchion   |       |     3 |    69 |    81 ||   153
